 Dungeon Crawl Stone Soup version 0.29.0-4-gdea44cf6ec (webtiles) character file.

Game seed: 5127840906476009512

43 qw the Chopper (level 3, 0/21 HPs)
             Began as a Tengu Warper on Aug 28, 2022.
             Succumbed to an adder's poison
             ... on level 2 of the Dungeon.
             The game lasted 00:00:07 (1243 turns).

qw the Chopper (Tengu Warper)                       Turns: 1243, Time: 00:00:07

Health: 0/21       AC:  3    Str: 13    XL:     3   Next: 58%
Magic:  7/7        EV: 12    Int: 13    God:
Gold:   76         SH:  0    Dex: 13    Spells: 6/6 levels left

rFire   . . .      SeeInvis .   Y - +0 hand axe
rCold   . . .      Faith    .   (no shield)
rNeg    . . .      Spirit   .   b - +0 leather armour
rPois   .          Reflect  .   (helmet restricted)
rElec   .          Harm     .   (no cloak)
rCorr   .          Rampage  .   (no gloves)
Will    .....                   (boots unavailable)
Stlth   +.........              (no amulet)
HPRegen 0.07/turn               (no ring)
MPRegen 0.10/turn               (no ring)

@: lethally poisoned (0 -> -2)
A: beak, talons 3
a: no special abilities


You were on level 2 of the Dungeon.
You visited 1 branch of the dungeon, and saw 2 of its levels.

You collected 76 gold pieces.


Innate Abilities, Weirdness & Mutations

You have a beak for a mouth.
You have claws for feet.


   Skills:
 - Level 2.0 Fighting
 + Level 4.2 Axes
 - Level 1.0 Throwing
 - Level 1.1 Armour
 - Level 2.1 Dodging
 - Level 2.0 Spellcasting
 - Level 2.4 Translocations


You had 6 spell levels left.
You didn't know any spells.
Your spell library contained the following spells:

 Spells                   Type           Power      Damage    Failure   Level
 Blink                    Tloc           14%        N/A       19%         2
 Gell's Gravitas          Tloc           7%         N/A       36%         3
 Lesser Beckoning         Tloc           7%         N/A       36%         3
 Teleport Other           Tloc           7%         N/A       36%         3
 Manifold Assault         Tloc           7%         N/A       98%         5

Inventory:

Hand Weapons
 e - a +0 club
 Y - a +0 hand axe (weapon)
Armour
 b - a +0 leather armour (worn)
 f - a +0 ring mail
 h - a +0 pair of gloves
 i - a +0 scale mail
Scrolls
 a - a scroll of identify {unknown}
 c - a scroll of fear {unknown}
Potions
 d - a potion of lignification {unknown}
 g - a potion of curing {unknown}

Dungeon Overview and Level Annotations

Branches:
Dungeon (2/15)

Altars:


Message History

A gnoll comes into view. It is wielding a +0 flail.
The gnoll shouts!
The adder bites you but does no damage.
The gnoll moves out of view.
You hit the adder. Your kick misses the adder. Your peck misses the adder.
The adder is lightly wounded.
A jackal comes into view.
The adder bites you.
You are poisoned.
The adder poisons you!
The jackal moves out of view.
You hit the adder.
The adder is moderately wounded.
You feel sick. The adder bites you.
You are more poisoned.
The adder poisons you! The adder bites you.
1238 ||| Stepping ~*~*~tactically~*~*~ (hiding).
You feel sick.
You hit the adder.
The adder is heavily wounded.
You feel very sick. The adder barely misses you. The adder closely misses you.
You barely miss the adder.
The adder is heavily wounded.
You feel sick. The adder barely misses you.
You closely miss the adder.
The adder is heavily wounded.
You feel sick. The adder closely misses you.
A gnoll comes into view. It is wielding a +0 club.
The adder barely misses you.
You miss the adder.
The gnoll shouts!
You claw the adder, but do no damage.
The adder is heavily wounded.
You closely miss the jackal.
You feel sick. The jackal closely misses you.
A jackal comes into view.
The adder misses you. The jackal misses you.
You barely miss the adder.
The adder is heavily wounded.
You barely miss the jackal.
You die...

... .. #.#.# #.#.
........... ####
#.#[#.#.#.#
#[.......g......
#....#.#g#.#h#.#
#...>..h.r.g...
.....#@#.#.#.#.#
#.......S........
#.....#.#.#.#.#.
#..........#
#.###......# #
#.8....# #.._...#
##.8....###.#
#..........#


You could see 3 gnolls, an adder, 2 jackals and a rat.

Vanquished Creatures
  An adder (D:2)
  A worm (D:2)
  2 dart slugs (D:1)
  An endoplasm (D:1)
  2 giant cockroaches
  4 hobgoblins (D:1)
  4 kobolds (D:1)
  2 quokkas
  3 ball pythons
  2 bats
  3 frilled lizards
  A goblin (D:1)
  2 rats
28 creatures vanquished.

Notes
Turn   | Place    | Note
-------+----------+-------------------------------------------
     0 | D:1      | qw the Tengu Warper began the quest for the Orb.
     0 | D:1      | Reached XP level 1. HP: 12/12 MP: 4/4
     0 | D:1      | 0 ||| qw: Version: 0.1-a-89-g26bdef1
     0 | D:1      | 0 ||| qw: Game counter: 397
     0 | D:1      | 0 ||| qw: Always use a shield: true
     0 | D:1      | 0 ||| qw: God list: Okawaru
     0 | D:1      | 0 ||| qw: Allow faded altars: false
     0 | D:1      | 0 ||| qw: Do Orc after D:15 true
     0 | D:1      | 0 ||| qw: Do second Lair branch before Depths: true
     0 | D:1      | 0 ||| qw: Lair rune preference: random
     0 | D:1      | 0 ||| qw: Plans: Normal
     0 | D:1      | 0 ||| PLANNING D:1-11
   134 | D:1      | 134 ||| Stepping ~*~*~tactically~*~*~ (stealth).
   141 | D:1      | 141 ||| Stepping ~*~*~tactically~*~*~ (hiding).
   157 | D:1      | Reached skill level 3 in Axes
   157 | D:1      | Reached XP level 2. HP: 10/17 MP: 6/6
   377 | D:1      | 377 ||| Stepping ~*~*~tactically~*~*~ (stealth).
   696 | D:1      | Reached XP level 3. HP: 19/21 MP: 7/7
   863 | D:1      | 863 ||| READING scroll labelled AJAQ UGEGI.
   864 | D:1      | 864 ||| DROPPING scroll of blinking.
   931 | D:2      | Reached skill level 4 in Axes
  1191 | D:2      | Found a faded altar of an unknown god.
  1217 | D:2      | 1217 ||| Stepping ~*~*~tactically~*~*~ (stealth).
  1218 | D:2      | 1218 ||| Stepping ~*~*~tactically~*~*~ (stealth).
  1231 | D:2      | 1231 ||| Stepping ~*~*~tactically~*~*~ (hiding).
  1234 | D:2      | 1234 ||| Stepping ~*~*~tactically~*~*~ (hiding).
  1235 | D:2      | 1235 ||| Stepping ~*~*~tactically~*~*~ (hiding).
  1238 | D:2      | 1238 ||| Stepping ~*~*~tactically~*~*~ (hiding).
  1239 | D:2      | HP: 5/21 [poisoned by an adder]
  1241 | D:2      | HP: 2/21 [poisoned by an adder]
  1243 | D:2      | Succumbed to an adder's poison

Levels and vault maps discovered:
D:1:      heliophobic_arrival_enchanted_forest, layout_rooms,
          hangedman_decor_points
D:2:      layout_loops_ring, dreamdust_ecumenical_altar_statues, st_stairs_10,
          chequers_serial_rivers_large_b, kennysheep_donut, minmay_between

Skill      XL: |  1  2  3 |
---------------+----------+-----
Axes           | 3 4 |  4.2
Fighting       | |  2.0
Throwing       | |  1.0
Armour         | |  1.1
Dodging        | |  2.1
Spellcasting   | |  2.0
Translocations | |  2.4

Action                   || total
-------------------------++-------
Melee: Hand axe          ||    74
       Kick              ||    20
       Peck              ||    16
       Punch             ||     1
Throw: Boomerang         ||     7
  Use: Scroll            ||     1
Armor: Leather armour    ||    10
Dodge: Dodged            ||    40

Table legend:
 A = Non-vault XP
 B = Vault XP
 C = Vault XP percentage of total XP
 D = Non-vault monster count
 E = Vault monster count
 F = Vault count percentage of total count
                 A         B        C        D         E       F
            +---------+---------+-------+---------+---------+-------
      Total |      58 |       4 |   6.5 |      25 |       3 |  10.7
            +---------+---------+-------+---------+---------+-------
        D:1 |      36 |       0 |   0.0 |      20 |       0 |   0.0
        D:2 |      22 |       4 |  15.4 |       5 |       3 |  37.5
            +---------+---------+-------+---------+---------+-------
